AoeStats
← ssz

Arabia

509713959Analyzed
1v1 RM · 4d ago on Sep 27, 2026· 34m 1s· 2 players
Game mode
Random Map
Map size
Tiny (2 player)
Population
200
Speed
Normal
Resources
Standard
Victory
Conquest
Starting age
Dark Age
Ending age
Imperial Age
RankedLock teamsTeams togetherTeam positionsShared explorationLock speedFull tech treeHidden civsTurbo modeCheats
Victory
Defeat
🇺🇸 Maya · United States
1617
+16
🇹🇷 Koreans · Türkiye
1615
-16
ssz
4:43 Loom
10:16 Feudal Age
11:08 Double-Bit Axe
11:52 Fletching
12:06 Town Watch
24:53 Castle Age
24:02 Gold Mining
24:58 Elite Skirmisher
26:16 Bodkin Arrow
27:18 Scale Barding Armor
29:18 Crossbowman
31:52 Bow Saw
joethebro229
0:25 Loom
9:27 Feudal Age
9:56 Double-Bit Axe
11:57 Scale Mail Armor
15:35 Fletching
20:10 Forging
22:37 Castle Age
21:40 Gold Mining
22:38 Eagle Warrior
23:19 Squires
23:36 Chain Mail Armor
29:38 Arson
29:58 Pikeman
Connection lost

Rejoining the realm…

Still unreachable

The connection could not be restored.

Session expired

The server has moved on; the page needs a fresh start.